[Event "Titled Tuesday Blitz June 13 Early 2023"]
[White "Ronka, Erik"]
[Black "Ashraf, Artin"]
[WhiteFideId "505080"]
[BlackFideId "22514805"]
[WhiteElo "2264"]
[BlackElo "2224"]
[Result "0-1"]
[Round "3"]
[TimeControl "180+2"]
[Date "2023.06.13"]
[WhiteClock "0:00:03"]
[BlackClock "0:00:07"]
[Board "96"]

1. d4 Nf6 2. c4 b6 3. f3 c5 4. d5 g6 5. e4 d6 6. Ne2 Bg7 7. Nec3 O-O 8. Be2 e5 9. O-O Nh5 10. Be3 Na6 11. Nd2 Nc7 12. a3 f5 13. b4 f4 14. Bf2 g5 15. Rb1 Nf6 16. g4 h5 17. h3 Kf7 18. Kg2 Rh8 19. Rh1 Qe7 20. Na2 Bd7 21. Nc1 Rh7 22. Nd3 Rah8 23. Qc2 Rh6 24. a4 R8h7 25. a5 Na8 26. axb6 axb6 27. bxc5 bxc5 28. Qa2 Qd8 29. Qa7 Qh8 30. Rb8 Bf8 31. Rd8 hxg4 32. Rxd7+ Nxd7 33. Qxd7+ Be7 34. Qe6+ Rxe6 35. dxe6+ Kxe6 36. fxg4 Nb6 37. Nf3 Nd7 38. h4 gxh4 39. g5 h3+ 40. Kf1 Nf8 41. Nh2 Bxg5 42. Bg4+ Kf7 43. Nf3 Be7 44. Ke2 Ne6 45. Be1 h2 46. Kd1 Qg8 47. Bf5 Nd4 48. Nxd4 cxd4 49. Nxe5+ dxe5 50. c5 Rh6 51. c6 Qd8 52. Rf1 Rxc6 53. Be6+ Rxe6 54. Ke2 Rf6 55. Kf3 d3 56. Rh1 Qd4 57. Bf2 Qe3+ 58. Bxe3 fxe3+ 59. Kxe3 Bc5+ 60. Kxd3 Bg1 61. Ke2 Kg6 0-1


[Site "https://www.chess.com"]

[Event "Titled Tuesday Blitz June 13 Early 2023"]
[White "Manukyan, Sargis V."]
[Black "Perera Alfonso, Rene Humberto"]
[WhiteFideId "13303465"]
[BlackFideId "3514722"]
[WhiteElo "2236"]
[BlackElo "2313"]
[Result "1/2-1/2"]
[Round "3"]
[TimeControl "180+2"]
[Date "2023.06.13"]
[WhiteClock "0:00:09"]
[BlackClock "0:00:53"]
[Board "97"]

1. d4 d5 2. c4 c6 3. Nf3 Nf6 4. e3 Bg4 5. h3 Bh5 6. g4 Bg6 7. Ne5 Nbd7 8. Nxg6 hxg6 9. Nd2 e6 10. Bg2 Bd6 11. O-O Qc7 12. g5 Ng8 13. e4 dxe4 14. Nxe4 Ne7 15. c5 Bf4 16. Bxf4 Qxf4 17. Nd6+ Kf8 18. Qg4 Qxg4 19. hxg4 Rb8 20. b4 Rh4 21. Bf3 Nc8 22. Nc4 Ne7 23. Kg2 Nd5 24. Kg3 Rh7 25. Rab1 Ke7 26. Rb3 Rbh8 27. Bg2 f6 28. f4 Rh2 29. Na5 e5 30. dxe5 fxe5 31. f5 Nf4 32. Rf2 Nxg2 33. Rxg2 R8h3+ 34. Kf2 Rxb3 35. axb3 Rxg2+ 36. Kxg2 gxf5 37. gxf5 e4 38. Kg3 Ne5 39. Kf4 Nd3+ 40. Kxe4 Nxb4 41. Nxb7 Kd7 42. Na5 Na6 43. Kd4 Nb4 44. Ke5 Nd3+ 45. Kd4 Nb4 46. Nb7 Nc2+ 47. Ke4 Nb4 48. Nd6 Nd5 49. Ke5 Nb4 50. f6 gxf6+ 51. Kxf6 Nd5+ 52. Kf7 Nf4 53. g6 Nxg6 54. Kxg6 Ke6 55. Nc8 Kd5 56. Nxa7 Kxc5 57. Kf6 Kb4 58. Nxc6+ Kxb3 1/2-1/2


[Site "https://www.chess.com"]

[Event "Titled Tuesday Blitz June 13 Early 2023"]
[White "Zaitsev, Alexander"]
[Black "Ilkhomi, Jaloliddin"]
[WhiteFideId "4164490"]
[BlackFideId "14700948"]
[WhiteElo "2373"]
[BlackElo "2045"]
[Result "1/2-1/2"]
[Round "3"]
[TimeControl "180+2"]
[Date "2023.06.13"]
[WhiteClock "0:00:18"]
[BlackClock "0:01:02"]
[Board "98"]

1. e4 e6 2. d4 d5 3. exd5 exd5 4. Nf3 Bd6 5. c4 Nc6 6. Nc3 dxc4 7. Bxc4 Nge7 8. O-O h6 9. Re1 O-O 10. h3 Bf5 11. Be3 a6 12. Rc1 Qd7 13. Qd2 Rae8 14. Bf4 Bxf4 15. Qxf4 b5 16. Bb3 Be6 17. d5 Nxd5 18. Nxd5 Bxd5 19. Red1 Ne7 20. Rxc7 Qd8 21. Rxe7 Rxe7 22. Rxd5 Rd7 23. Rxd7 Qxd7 24. Ne5 Qe7 25. Ng6 Qe1+ 26. Kh2 Rd8 27. Qxf7+ Kh7 28. Bc2 Qe8 29. Nf8+ Kh8 30. Qf5 g6 31. Nxg6+ Kg7 32. Nf4 Qf7 33. Qh7+ Kf8 34. Qxh6+ Ke7 35. Qg5+ Qf6 36. Ng6+ Kf7 37. Bb3+ Kg7 38. Qxf6+ Kxf6 39. Nf4 Rd2 40. Kg3 a5 41. h4 a4 42. Bg8 Rxb2 43. h5 Kg7 44. Bd5 b4 45. Kg4 Rxf2 46. Kg5 b3 47. h6+ Kh7 48. axb3 a3 49. b4 a2 50. Bxa2 Rxa2 51. g4 Rb2 52. Nd5 Rd2 53. Nf6+ Kh8 54. Kg6 Rd4 55. b5 Rb4 56. g5 Rxb5 57. Kf7 Rb7+ 58. Kf8 Rb8+ 59. Ne8 Rb6 60. Nf6 Rb8+ 61. Kf7 Rb7+ 62. Ke6 Rb6+ 63. Kf5 Rb5+ 64. Kg6 Rb1 65. Kf7 Rb7+ 1/2-1/2


[Site "https://www.chess.com"]

[Event "Titled Tuesday Blitz June 13 Early 2023"]
[White "Ajay Karthikeyan"]
[Black "Gonzalez Zamora, Juan Carlos"]
[WhiteFideId "35011685"]
[BlackFideId "3507548"]
[WhiteElo "2321"]
[BlackElo "2522"]
[Result "1/2-1/2"]
[Round "3"]
[TimeControl "180+2"]
[Date "2023.06.13"]
[WhiteClock "0:00:54"]
[BlackClock "0:00:12"]
[Board "99"]

1. d4 Nf6 2. Nf3 g6 3. Bf4 Bg7 4. e3 c5 5. c3 O-O 6. h3 Qb6 7. b3 d6 8. Bd3 Nc6 9. Bh2 cxd4 10. exd4 e5 11. dxe5 dxe5 12. Be2 e4 13. Ne5 Rd8 14. Qc2 Nxe5 15. Bxe5 Ng4 16. Bg3 Ne5 17. O-O Bf5 18. Qc1 Nd3 19. Bxd3 exd3 20. Nd2 Rac8 21. Nc4 Rxc4 22. bxc4 d2 23. Qa3 Bd3 24. Rfd1 Bc2 25. Bf4 Bxd1 26. Rxd1 Rd3 27. Rxd2 Qb1+ 28. Kh2 Rxd2 29. Bxd2 Be5+ 30. g3 Qc2 31. Be3 Qxc3 32. Qxc3 Bxc3 33. Bxa7 f5 34. Kg2 Kf7 35. Kf3 Ke6 36. Ke2 Kd6 37. Kd3 Bf6 38. Bd4 Bd8 39. a4 Kc6 40. f3 Bc7 41. g4 fxg4 42. fxg4 Bg3 43. Ke4 Kd6 44. Be3 Ke6 45. Bf4 Bf2 46. Kd3 Bb6 47. Kc3 Ba5+ 48. Kb3 Kd7 49. c5 Kc6 50. Kc4 Be1 51. Bd6 Bf2 52. Kb4 Be1+ 53. Kb3 Bf2 54. Kc4 Be1 55. Be5 Bf2 56. Bd4 Bg3 57. Be3 Bh4 58. Kd3 Be7 59. Kc4 Bh4 60. Bg1 Be7 61. Bf2 Bf6 62. h4 Be7 63. h5 gxh5 64. gxh5 Bf6 65. Be3 Be7 66. Bd4 Bg5 67. Kd3 Be7 68. Ke4 Bxc5 69. Bxc5 Kxc5 70. Ke5 Kb4 71. h6 Kxa4 72. Kf6 b5 73. Kg7 b4 74. Kxh7 b3 75. Kg7 b2 76. h7 b1=Q 77. h8=Q Qb2+ 78. Kg8 Qxh8+ 79. Kxh8 1/2-1/2


[Site "https://www.chess.com"]

[Event "Titled Tuesday Blitz June 13 Early 2023"]
[White "Kovalevsky, Stanislav"]
[Black "Sieciechowicz, Marcin"]
[WhiteFideId "13508598"]
[BlackFideId "1130170"]
[WhiteElo "2112"]
[BlackElo "2301"]
[Result "1-0"]
[Round "3"]
[TimeControl "180+2"]
[Date "2023.06.13"]
[WhiteClock "0:00:05"]
[BlackClock "0:00:00"]
[Board "100"]

1. c4 Nf6 2. Nc3 g6 3. g3 Bg7 4. Bg2 O-O 5. b4 a5 6. b5 c6 7. Bb2 d5 8. cxd5 Nxd5 9. bxc6 Nxc3 10. Bxc3 Nxc6 11. Bxg7 Kxg7 12. Nf3 Qd6 13. O-O Be6 14. d3 b5 15. Qd2 b4 16. Rfc1 Rac8 17. Qg5 h6 18. Qc5 Qxc5 19. Rxc5 a4 20. e3 b3 21. axb3 axb3 22. Nd2 Nb4 23. Rxc8 Rxc8 24. Rb1 Nxd3 25. Nxb3 Bxb3 26. Rxb3 Rc1+ 27. Bf1 Ne1 28. e4 g5 29. f3 h5 30. Kf2 g4 31. fxg4 hxg4 32. Be2 Kf6 33. Bxg4 Ke5 34. h4 Ra1 35. h5 Nc2 36. Rb5+ Kf6 37. h6 Nd4 38. Rh5 Ra8 39. Ke3 e5 40. h7 Rh8 41. Bh3 Nc6 42. Rf5+ Kg6 43. Rf1 Ne7 44. Rh1 Kg5 45. Kf3 Rxh7 46. Bg2 Rxh1 47. Bxh1 Nc6 48. Ke3 Nd4 49. Bf3 Ne6 50. Be2 Nc5 51. Bd1 Kf6 52. Be2 Ke6 53. Bd1 Kd6 54. Be2 Ne6 55. Bd1 Nd4 56. Bg4 Kc5 57. Bh5 f6 58. Bg4 Kb4 59. Bh5 Kc3 60. Bg4 Kc2 61. Bh5 Kc3 62. Bg4 Kc4 63. Bh5 Kc5 64. Bg4 Kd6 65. Bh5 Ne6 66. Bg4 Ng5 67. Be2 Kc5 68. Bd1 Kc4 69. Be2+ Kc3 70. Bg4 Kc4 71. Be2+ Kc5 72. Bg4 Nf7 73. Be2 Nd6 74. Bh5 Nc4+ 75. Kd3 Nb2+ 76. Ke3 Na4 77. Bd1 Nc3 78. Bh5 Nb5 79. Be2 Nd6 80. Bg4 Kc4 81. Be6+ Kc3 82. Bg4 Nc4+ 83. Kf3 Kd4 84. Bf5 Nd6 85. Bg6 Nc4 86. Bf5 Nd2+ 87. Kg4 Nxe4 88. Be6 Nd6 89. Kf3 e4+ 90. Kf4 e3 91. Bg4 Kd3 92. Bf3 Kd4 93. g4 Nf7 94. Kf5 Ne5 95. Be2 Nd3 96. Kxf6 Ke4 97. g5 Nf4 98. Bf1 Kf3 99. g6 Kf2 100. Ba6 Nh5+ 101. Kg5 Ng7 102. Kf6 Ne8+ 103. Ke7 Nc7 104. g7 Nxa6 105. g8=Q e2 106. Qf7+ Kg1 107. Qg6+ Kf1 108. Qf5+ Kg1 109. Qg4+ Kf1 110. Qf4+ Kg1 111. Qg3+ Kf1 112. Qf3+ Ke1 113. Kd6 Nb4 114. Kc5 Nc2 115. Kc4 Kd2 116. Qc3+ Kd1 117. Qd3+ Ke1 118. Qxc2 1-0


[Site "https://www.chess.com"]

[Event "Titled Tuesday Blitz June 13 Early 2023"]
[White "Koshulyan, Egor A."]
[Black "Estrada Nieto, Julian"]
[WhiteFideId "24237000"]
[BlackFideId "5101018"]
[WhiteElo "2216"]
[BlackElo "2161"]
[Result "1-0"]
[Round "3"]
[TimeControl "180+2"]
[Date "2023.06.13"]
[WhiteClock "0:01:45"]
[BlackClock "0:00:00"]
[Board "101"]

1. e4 e5 2. Nf3 Nc6 3. Bb5 a6 4. Ba4 Nf6 5. O-O Be7 6. Re1 b5 7. Bb3 d6 8. c3 O-O 9. h3 Bb7 10. d4 Re8 11. Ng5 Rf8 12. Nf3 Re8 13. a4 h6 14. Na3 Bf8 15. Rb1 Na5 16. Bc2 bxa4 17. d5 Nb3 18. Be3 c6 19. Nc4 cxd5 20. Nb6 d4 21. cxd4 exd4 22. Nxd4 Qxb6 23. Nxb3 Qc7 24. Nd2 Nxe4 25. Bxa4 Re6 26. Rc1 Qe7 27. Bb3 Rg6 28. Nf3 Qf6 29. Kh1 Re8 30. Bd5 Bxd5 31. Qxd5 Nc5 32. Bd4 Rxe1+ 33. Rxe1 Qd8 34. Bxc5 1-0


[Site "https://www.chess.com"]

[Event "Titled Tuesday Blitz June 13 Early 2023"]
[White "Rios Escobar, Adan"]
[Black "Sadykov, Ramil"]
[WhiteFideId "3403645"]
[BlackFideId "24113590"]
[WhiteElo "2462"]
[BlackElo "2245"]
[Result "0-1"]
[Round "3"]
[TimeControl "180+2"]
[Date "2023.06.13"]
[WhiteClock "0:00:03"]
[BlackClock "0:00:09"]
[Board "102"]

1. d4 Nf6 2. g3 d5 3. Nf3 Bf5 4. c4 c6 5. Nc3 e6 6. Nh4 dxc4 7. Nxf5 exf5 8. e3 b5 9. Bg2 Qb6 10. O-O Bb4 11. a4 Bxc3 12. bxc3 Nd5 13. Qc2 O-O 14. axb5 Qxb5 15. Ba3 Re8 16. Rfb1 Qa6 17. Qxf5 Nxc3 18. Bb4 Nxb1 19. Rxa6 Nxa6 20. Bd6 Rad8 21. Bxc6 Re6 22. Bd5 Rexd6 23. Bxf7+ Kh8 24. Qxb1 c3 25. Bb3 Nb4 26. Qe4 Rc8 27. Bc2 Nxc2 28. Qxc2 Rb6 29. e4 Rb2 30. Qc1 c2 31. Kg2 Rb1 32. Qg5 c1=Q 33. d5 Qxg5 34. h4 Qe5 35. d6 Qxe4+ 36. Kh3 Rh1# 0-1


[Site "https://www.chess.com"]

[Event "Titled Tuesday Blitz June 13 Early 2023"]
[White "Jovic, Stanoje"]
[Black "Korchmar, Vasiliy"]
[WhiteFideId "905020"]
[BlackFideId "24131750"]
[WhiteElo "2236"]
[BlackElo "2370"]
[Result "1-0"]
[Round "3"]
[TimeControl "180+2"]
[Date "2023.06.13"]
[WhiteClock "0:01:21"]
[BlackClock "0:01:35"]
[Board "103"]

1. c4 c6 2. e4 d5 3. exd5 cxd5 4. cxd5 Nf6 5. Qa4+ Nbd7 6. Bc4 g6 7. d3 Bg7 8. Nc3 O-O 9. Nf3 a6 10. Qa3 Nb6 11. Qb3 Bg4 12. Ne5 Bf5 13. O-O Nxc4 14. dxc4 Nxd5 15. Nxf7 Rxf7 16. Nxd5 b5 17. Bg5 bxc4 18. Qxc4 Rc8 19. Qb3 Rb8 20. Nxe7+ Kf8 21. Nxg6+ hxg6 22. Bxd8 Rxb3 23. axb3 Bxb2 24. Rxa6 Bd3 25. Ra8 Bxf1 26. Bf6# 1-0


[Site "https://www.chess.com"]

[Event "Titled Tuesday Blitz June 13 Early 2023"]
[White "LangesNasenhaar"]
[Black "Ovetchkin, Roman"]
[BlackFideId "4119991"]
[WhiteElo "2460"]
[BlackElo "2398"]
[Result "1/2-1/2"]
[Round "3"]
[TimeControl "180+2"]
[Date "2023.06.13"]
[WhiteClock "0:00:07"]
[BlackClock "0:00:15"]
[Board "104"]

1. d4 Nf6 2. Nc3 d5 3. Bf4 Bf5 4. e3 e6 5. Nf3 a6 6. Ne5 h6 7. g4 Bh7 8. h4 Bb4 9. Bd3 Bxd3 10. cxd3 Nbd7 11. Qf3 Qe7 12. g5 Ng8 13. a3 Bxc3+ 14. bxc3 hxg5 15. hxg5 Rxh1+ 16. Qxh1 Nxe5 17. Bxe5 Qxg5 18. Qh8 O-O-O 19. Qxg7 Qf5 20. Ke2 Ne7 21. Qg3 Qh5+ 22. Qf3 Qxf3+ 23. Kxf3 Nc6 24. Bf6 Rg8 25. e4 Kd7 26. e5 b6 27. Rh1 Na7 28. c4 Nc6 29. Ke3 Na5 30. cxd5 exd5 31. Rh7 Ke6 32. Rh6 Kd7 33. Rh7 Ke8 34. e6 fxe6 35. Rxc7 Kf8 36. Ra7 Rg1 37. Rxa6 Kf7 38. Be5 Rb1 39. Ra7+ Ke8 40. Ra8+ Kd7 41. Ra7+ Ke8 42. Ra8+ Kd7 43. Ra7+ Ke8 1/2-1/2


[Site "https://www.chess.com"]

[Event "Titled Tuesday Blitz June 13 Early 2023"]
[White "Sztokbant, Bernardo Vainzoff"]
[Black "De Silva, L M S T"]
[WhiteFideId "2115956"]
[BlackFideId "9953698"]
[WhiteElo "2222"]
[BlackElo "2395"]
[Result "0-1"]
[Round "3"]
[TimeControl "180+2"]
[Date "2023.06.13"]
[WhiteClock "0:00:01"]
[BlackClock "0:01:33"]
[Board "105"]

1. e4 c5 2. c3 g6 3. d4 cxd4 4. cxd4 Bg7 5. Nf3 d6 6. Nc3 Nf6 7. h3 O-O 8. Be2 Nc6 9. O-O a6 10. Be3 b5 11. a3 Bb7 12. Re1 Rc8 13. Bf1 Na5 14. d5 Nc4 15. Bxc4 Rxc4 16. Nd2 Rc8 17. Bd4 e5 18. dxe6 fxe6 19. e5 Nd5 20. Qg4 Qd7 21. Nf3 Nxc3 22. Bxc3 Bxf3 23. gxf3 d5 24. Rad1 Rf5 25. Rd3 Bh6 26. Kf1 Qf7 27. Ke2 Rc4 28. Rd4 Rxe5+ 29. Kf1 Rxe1+ 30. Kxe1 Bg7 31. Rxc4 bxc4 32. Bxg7 Kxg7 33. Qd4+ Qf6 34. Qa7+ Kh6 35. Qxa6 Qxb2 36. a4 c3 37. Qb5 Qd2+ 38. Kf1 c2 0-1


[Site "https://www.chess.com"]

[Event "Titled Tuesday Blitz June 13 Early 2023"]
[White "Veiga, Jose Francisco R P Neves"]
[Black "UNSTOPPABLE_LEGEND"]
[WhiteFideId "1930087"]
[WhiteElo "2319"]
[BlackElo "2460"]
[Result "1-0"]
[Round "3"]
[TimeControl "180+2"]
[Date "2023.06.13"]
[WhiteClock "0:00:13"]
[BlackClock "0:00:00"]
[Board "106"]

1. c4 c5 2. Nf3 Nc6 3. e3 Nf6 4. d4 cxd4 5. exd4 d5 6. Nc3 Bg4 7. cxd5 Nxd5 8. Qb3 Bxf3 9. gxf3 e6 10. Be3 Qd7 11. Nxd5 exd5 12. h4 Bb4+ 13. Ke2 O-O 14. Bh3 Qe7 15. Rhd1 Qxh4 16. Bd7 a5 17. a3 Bd6 18. Qxd5 Qf6 19. Bg5 Ne7 20. Qb5 Qg6 21. Rg1 Qc2+ 22. Kf1 Ng6 23. Bf5 Qc7 24. Kg2 Bf4 25. Bxg6 fxg6 26. Bh4 Qf7 27. Qd3 Rad8 28. Rad1 Rd5 29. Qe4 Rf5 30. Rd3 g5 31. Bg3 h5 32. Rh1 h4 33. Bh2 1-0


[Site "https://www.chess.com"]

[Event "Titled Tuesday Blitz June 13 Early 2023"]
[White "Dudzinski, Pawel"]
[Black "Zochowski, Kacper"]
[WhiteFideId "1117890"]
[BlackFideId "1125494"]
[WhiteElo "2099"]
[BlackElo "2235"]
[Result "0-1"]
[Round "3"]
[TimeControl "180+2"]
[Date "2023.06.13"]
[WhiteClock "0:00:09"]
[BlackClock "0:00:11"]
[Board "107"]

1. e4 d6 2. g3 Nf6 3. Bg2 e5 4. Ne2 Be7 5. d4 O-O 6. O-O c6 7. a4 Qc7 8. h3 b6 9. c4 Bb7 10. Nbc3 a6 11. d5 cxd5 12. Nxd5 Nxd5 13. cxd5 a5 14. Be3 Nd7 15. Rc1 Nc5 16. Nc3 Ba6 17. Nb5 Bxb5 18. axb5 Qd8 19. f4 Bf6 20. f5 Bg5 21. Bxc5 Bxc1 22. Qxc1 bxc5 23. f6 Kh8 24. Qg5 g6 25. h4 Rg8 26. Rf3 a4 27. Bf1 a3 28. bxa3 Ra4 29. Qe3 Rd4 30. g4 c4 31. h5 Qa5 32. Rh3 g5 33. h6 Qd8 34. Rf3 Rg6 35. Qf2 c3 36. Rxc3 Rg8 37. Rc4 Rxc4 38. Bxc4 Rg6 39. b6 Rxf6 40. Qb2 Rf4 41. b7 Rxg4+ 42. Kh2 Qb8 43. Qb6 Rxe4 44. Qc6 Rxc4 45. Qxc4 Qxb7 46. Qc6 Qb8 47. Qd7 Kg8 48. Qe7 Qb2+ 49. Kh3 Qc3+ 50. Kg4 Qd4+ 51. Kxg5 Qf4+ 52. Kh5 Qh2+ 53. Kg4 Qg2+ 54. Kh5 Qh3+ 55. Qh4 Qf3+ 56. Qg4+ Qxg4+ 57. Kxg4 Kf8 58. a4 Ke7 59. a5 Kd7 60. a6 Kc7 61. Kf5 Kb8 62. Kf6 e4 63. Kg7 e3 64. Kxh7 e2 65. Kg7 e1=Q 66. h7 Qh4 67. Kxf7 Qxh7+ 68. Ke6 Ka7 69. Kxd6 Kxa6 70. Kc6 Qe4 71. Kc5 Kb7 72. d6 Qc6+ 73. Kd4 Qxd6+ 0-1


[Site "https://www.chess.com"]

[Event "Titled Tuesday Blitz June 13 Early 2023"]
[White "Eugene, Floryan"]
[Black "Lima, Kleyton Alcantara"]
[WhiteFideId "20694784"]
[BlackFideId "22718397"]
[WhiteElo "2369"]
[BlackElo "2009"]
[Result "1/2-1/2"]
[Round "3"]
[TimeControl "180+2"]
[Date "2023.06.13"]
[WhiteClock "0:00:06"]
[BlackClock "0:00:06"]
[Board "108"]

1. d4 Nf6 2. c4 g6 3. Nf3 Bg7 4. Nc3 d5 5. Bg5 Ne4 6. Bh4 Nxc3 7. bxc3 dxc4 8. e3 b5 9. Qb1 c6 10. a4 Bd7 11. Be2 O-O 12. Qe4 Bf6 13. Bxf6 exf6 14. axb5 Bf5 15. Qh4 cxb5 16. e4 Be6 17. O-O Kg7 18. Rfb1 Qd7 19. d5 Bg4 20. e5 f5 21. h3 Bxf3 22. Bxf3 a6 23. Qf6+ Kg8 24. h4 Qd8 25. Qxd8 Rxd8 26. Rxb5 axb5 27. Rxa8 Nc6 28. Rxd8+ Nxd8 29. Kf1 Kf8 30. d6 f6 31. exf6 Kf7 32. Bd5+ Kxf6 33. f4 Nf7 34. d7 Nd8 35. Ke2 Ke7 36. Bg8 h6 37. Bh7 Ne6 38. g3 Nf8 39. Bg8 Kxd7 40. Ke3 Kd6 41. Bf7 Kc5 42. h5 gxh5 43. Bxh5 b4 44. cxb4+ Kxb4 45. Kd2 Kb3 46. Bf7 Nd7 47. Be6 Nc5 48. Bxf5 Kb2 49. g4 c3+ 50. Kd1 Ne6 51. g5 hxg5 52. fxg5 Nxg5 53. Ke2 Nf7 54. Bg6 Nd6 55. Bh7 Nc4 56. Kd1 Nd6 57. Ke2 Kc1 58. Bg6 Nc4 59. Bh7 Kb2 60. Bg6 Nd6 61. Bh7 1/2-1/2


[Site "https://www.chess.com"]

[Event "Titled Tuesday Blitz June 13 Early 2023"]
[White "Agibileg, Uurtsaikh"]
[Black "Vega Gutierrez, Sabrina"]
[WhiteFideId "4901606"]
[BlackFideId "2219026"]
[WhiteElo "2353"]
[BlackElo "2209"]
[Result "1-0"]
[Round "3"]
[TimeControl "180+2"]
[Date "2023.06.13"]
[WhiteClock "0:01:40"]
[BlackClock "0:00:00"]
[Board "109"]

1. d4 d5 2. c4 e6 3. Nc3 Nf6 4. cxd5 exd5 5. Bg5 Be7 6. e3 h6 7. Bf4 O-O 8. Bd3 Bd6 9. Nge2 c6 10. O-O Re8 11. Qd2 Na6 12. Rae1 Nc7 13. f3 b6 14. e4 Bxf4 15. Qxf4 Ba6 16. Bxa6 Nxa6 17. e5 Nd7 18. Qe3 Nc7 19. f4 c5 20. Qg3 b5 21. h4 b4 22. Nd1 Ne6 23. f5 Nxd4 24. Nxd4 cxd4 25. f6 g6 26. Qf4 Kh7 27. Nf2 Rg8 28. Ng4 Qf8 29. e6 fxe6 30. Rxe6 1-0


[Site "https://www.chess.com"]

[Event "Titled Tuesday Blitz June 13 Early 2023"]
[White "Silva, Caio Henrique Angelico"]
[Black "Papayan, Oleg"]
[WhiteFideId "22777210"]
[BlackFideId "4193911"]
[WhiteElo "2096"]
[BlackElo "2167"]
[Result "0-1"]
[Round "3"]
[TimeControl "180+2"]
[Date "2023.06.13"]
[WhiteClock "0:01:17"]
[BlackClock "0:01:09"]
[Board "110"]

1. Nf3 Nf6 2. c4 e6 3. g3 d5 4. Bg2 dxc4 5. O-O Nbd7 6. Qc2 a6 7. a4 c5 8. Qxc4 b5 9. Qc2 Bb7 10. d3 Be7 11. Na3 Qb6 12. Be3 Nd5 13. Bd2 O-O 14. axb5 axb5 15. Rfc1 Nb4 16. Qd1 Bf6 17. Bc3 Rfd8 18. Nc2 Bxc3 19. bxc3 Na2 20. Rab1 Nxc3 21. Qd2 Nxb1 22. Rxb1 Ra2 23. Qc3 b4 24. Qb3 Bd5 0-1


[Site "https://www.chess.com"]

[Event "Titled Tuesday Blitz June 13 Early 2023"]
[White "Lopez, Nelson M, Ii"]
[Black "MaryanKyrychenko"]
[WhiteFideId "2027895"]
[WhiteElo "2451"]
[BlackElo "2637"]
[Result "0-1"]
[Round "3"]
[TimeControl "180+2"]
[Date "2023.06.13"]
[WhiteClock "0:00:04"]
[BlackClock "0:00:20"]
[Board "111"]

1. e4 c5 2. Nf3 d6 3. Bb5+ Nd7 4. d4 cxd4 5. Qxd4 Nf6 6. Nc3 a6 7. Bxd7+ Bxd7 8. Bg5 Rc8 9. O-O-O h6 10. Bh4 Qa5 11. e5 dxe5 12. Nxe5 Be6 13. Qa4+ Qxa4 14. Nxa4 g5 15. Bg3 Nd5 16. Kb1 Bg7 17. c4 Nf4 18. Bxf4 gxf4 19. Rhe1 Bxe5 20. Rxe5 Rxc4 21. Nc5 Bc8 22. b3 Rb4 23. a3 Rb5 24. a4 Rb4 25. Kc2 f6 26. Red5 Kf7 27. R1d4 Rxd4 28. Rxd4 Bf5+ 29. Kb2 e5 30. Rd6 Rb8 31. Rb6 Bc8 32. a5 Ke7 33. Nxa6 Ra8 34. Nc7 Rxa5 35. Rb5 Rxb5 36. Nxb5 Bd7 37. Nc3 Bc6 38. f3 f5 39. Kc2 e4 40. fxe4 fxe4 41. Kd2 Ke6 42. b4 Ke5 43. b5 Bd5 44. b6 Kd4 45. Nb5+ Kc5 46. Nc7 Bf7 47. Na8 h5 48. h4 Kd4 49. Ke2 Bc4+ 50. Kf2 e3+ 51. Ke1 Bd5 52. Nc7 Bxg2 53. Nb5+ Kd3 54. Nd6 f3 55. Ne4 Kxe4 56. Kd1 f2 0-1


[Site "https://www.chess.com"]

[Event "Titled Tuesday Blitz June 13 Early 2023"]
[White "Jain Kashish Manoj"]
[Black "Goncalves, Davi Sulzbacher"]
[WhiteFideId "35081098"]
[BlackFideId "2154510"]
[WhiteElo "2181"]
[BlackElo "2182"]
[Result "0-1"]
[Round "3"]
[TimeControl "180+2"]
[Date "2023.06.13"]
[WhiteClock "0:00:03"]
[BlackClock "0:00:40"]
[Board "112"]

1. c4 e5 2. Nc3 Nc6 3. g3 g6 4. Bg2 Bg7 5. d3 Nge7 6. h4 h6 7. Rb1 O-O 8. Nf3 d6 9. h5 g5 10. b4 Be6 11. b5 Nd4 12. Nxd4 exd4 13. Ne4 c6 14. Bxg5 hxg5 15. h6 Be5 16. Qc1 Ng6 17. Nxg5 d5 18. h7+ Kh8 19. f4 Bd6 20. cxd5 Bxd5 21. Ne4 f5 22. Nxd6 Bxg2 23. Rg1 Qxd6 24. Rxg2 c5 25. Qb2 Rae8 26. Kd2 Qe6 27. Rbg1 b6 28. Rh1 Qd5 29. Rhh2 Re3 30. Kd1 Rfe8 31. Rh6 Qxg2 32. Rxg6 0-1


[Site "https://www.chess.com"]

[Event "Titled Tuesday Blitz June 13 Early 2023"]
[White "Miranda, Rafael"]
[Black "Szyszylo, Rafal"]
[WhiteFideId "130990"]
[BlackFideId "1109626"]
[WhiteElo "2204"]
[BlackElo "1951"]
[Result "1-0"]
[Round "3"]
[TimeControl "180+2"]
[Date "2023.06.13"]
[WhiteClock "0:01:11"]
[BlackClock "0:01:08"]
[Board "113"]

1. e4 d6 2. d4 g6 3. Nc3 Nf6 4. Nf3 Bg7 5. Be2 O-O 6. O-O Bg4 7. Be3 Nc6 8. h3 Bxf3 9. Bxf3 e5 10. d5 Ne7 11. a4 Nd7 12. a5 a6 13. b4 f5 14. Rb1 f4 15. Bc1 Nf6 16. g4 g5 17. Kg2 Ng6 18. Kh2 Nh4 19. Qd3 Qe8 20. Be2 f3 21. Bxf3 Nxf3+ 22. Qxf3 Nxd5 23. Qd3 Nf4 24. Bxf4 exf4 25. Nd5 c6 26. Nc7 Qe5 27. Nxa8 f3+ 28. Kh1 Rxa8 29. Qxf3 Rf8 30. Qd3 h5 31. Kg2 hxg4 32. hxg4 Rf4 33. f3 Qe6 34. Rbd1 Be5 35. Qb3 Qxb3 36. cxb3 Kf7 37. Rh1 Kg6 38. Rh5 Rf7 39. Rdh1 Rd7 40. Rh6+ Kf7 41. Rh7+ Bg7 42. f4 gxf4 43. Kf3 d5 44. e5 d4 45. Kxf4 d3 46. Kf5 Kg8 47. e6 Rd5+ 48. Kg6 Bc3 49. Rxb7 Kf8 50. Rhh7 Ke8 51. Rb8+ Rd8 52. Rxd8+ Kxd8 53. Rd7+ Ke8 54. Rxd3 Ke7 55. Rxc3 1-0


[Site "https://www.chess.com"]

[Event "Titled Tuesday Blitz June 13 Early 2023"]
[White "Belov, Alexei"]
[Black "FunnyDuck66"]
[WhiteFideId "4128206"]
[WhiteElo "2633"]
[BlackElo "2437"]
[Result "1-0"]
[Round "3"]
[TimeControl "180+2"]
[Date "2023.06.13"]
[WhiteClock "0:00:17"]
[BlackClock "0:00:00"]
[Board "114"]

1. e4 c6 2. d4 d5 3. Nd2 dxe4 4. Nxe4 Nf6 5. Nxf6+ exf6 6. c3 Bd6 7. Bd3 Na6 8. Ne2 Nc7 9. Qc2 h5 10. c4 Kf8 11. a3 a5 12. Be3 Be6 13. O-O g6 14. Nf4 Bxf4 15. Bxf4 Kg7 16. Rfe1 Qd7 17. Bxc7 Qxc7 18. Bxg6 fxg6 19. Rxe6 Rhe8 20. Rae1 Qf7 21. d5 Rad8 22. Qe4 Rxe6 23. dxe6 Qe7 24. h4 Rd6 25. g3 Rd2 26. b4 axb4 27. axb4 Rd6 28. b5 cxb5 29. cxb5 b6 30. Kg2 Rd8 31. Re2 Re8 32. Qc6 Qd8 33. Ra2 Qc8 34. Ra7+ Kg8 35. e7 Qxc6+ 36. bxc6 Kf7 37. Rb7 Rc8 38. Rxb6 Kxe7 39. Kf3 1-0


[Site "https://www.chess.com"]

[Event "Titled Tuesday Blitz June 13 Early 2023"]
[White "Mogirzan, Matei-Valeriu"]
[Black "Vlassov, Nikolai"]
[WhiteFideId "1257455"]
[BlackFideId "4103360"]
[WhiteElo "1733"]
[BlackElo "2324"]
[Result "1-0"]
[Round "3"]
[TimeControl "180+2"]
[Date "2023.06.13"]
[WhiteClock "0:00:05"]
[BlackClock "0:00:09"]
[Board "115"]

1. e4 Nc6 2. Nf3 d5 3. exd5 Qxd5 4. Nc3 Qa5 5. b4 Qxb4 6. Rb1 Qd6 7. d4 a6 8. d5 Ne5 9. Ne4 Nxf3+ 10. gxf3 Qg6 11. Bf4 Nf6 12. Ng3 Bf5 13. Rxb7 e5 14. Bxe5 Bc5 15. h4 O-O 16. h5 Nxh5 17. Rxh5 Bxc2 18. Qd2 Rfe8 19. Be2 Ba4 20. Rxc7 Qb1+ 21. Bd1 f6 22. Rxc5 fxe5 23. Rc1 Qb5 24. Bxa4 Qxa4 25. Rg5 e4 26. fxe4 Rxe4+ 27. Nxe4 Qxe4+ 28. Qe3 Qh1+ 29. Ke2 Qh4 30. Rc7 g6 31. Qe6+ Kh8 32. Qf6+ Kg8 33. Qg7# 1-0


[Site "https://www.chess.com"]

[Event "Titled Tuesday Blitz June 13 Early 2023"]
[White "Fiorito, Joaquin"]
[Black "Abduzhaparov"]
[WhiteFideId "180173"]
[WhiteElo "2199"]
[BlackElo "2435"]
[Result "1-0"]
[Round "3"]
[TimeControl "180+2"]
[Date "2023.06.13"]
[WhiteClock "0:00:10"]
[BlackClock "0:00:00"]
[Board "116"]

1. d4 d6 2. e4 Nf6 3. Nc3 e5 4. Nf3 Nbd7 5. Bc4 Be7 6. O-O O-O 7. Re1 c6 8. a4 b6 9. h3 a6 10. b3 Bb7 11. d5 b5 12. dxc6 Bxc6 13. axb5 axb5 14. Rxa8 Qxa8 15. Bxb5 Bxb5 16. Nxb5 Nxe4 17. Be3 Nef6 18. c4 Qc6 19. Bd2 Ra8 20. Bb4 Nc5 21. Qc2 Bf8 22. Rd1 Nfe4 23. Nc3 Nxc3 24. Bxc3 Ne4 25. Ba1 f6 26. b4 d5 27. c5 d4 28. Qb3+ Kh8 29. Bb2 Rb8 30. Qc2 Rxb4 31. Ba3 Rb5 32. Rc1 Bxc5 33. Qa4 h6 34. Nh4 Kh7 35. Qc2 1-0


[Site "https://www.chess.com"]